 Dungeon Crawl Stone Soup version 0.27-a0-1200-g94dc6ad4cf (webtiles) character file.

Game seed: 4121056438223304901

158 Gargoyl the Skirmisher (level 5, -16/47 HPs)
             Began as a Gnoll Abyssal Knight on May 30, 2021.
             Was a Believer of Lugonu.
             Blown up by a goblin (29 damage)
             ... with a mindburst bolt
             ... on level 4 of the Dungeon.
             The game lasted 00:03:50 (2848 turns).

Gargoyl the Skirmisher (Gnoll Abyssal Knight)       Turns: 2848, Time: 00:03:52

Health: -16/47     AC:  6    Str: 12    XL:     5   Next: 40%
Magic:  0/8        EV: 11    Int: 12    God:    Lugonu [**....]
Gold:   155        SH:  0    Dex: 11    Spells: 6/6 levels left

rFire    . . .     SeeInvis .   a - +2 hand axe
rCold    . . .     Faith    .   (no shield)
rNeg     . . .     Spirit   +   i - +0 ring mail
rPois    .         Reflect  .   (no helmet)
rElec    .         Harm     .   (no cloak)
rCorr    .         Rampage  .   (no gloves)
Will     .....                  (no boots)
Stlth    +.........             g - amulet of guardian spirit
HPRegen  0.15/turn              (no ring)
MPRegen  0.11/turn              (no ring)

@: no status effects
A: fangs 1, strong nose, distributed training
a: Renounce Religion, Depart the Abyss, Bend Space


You were on level 4 of the Dungeon.
You worshipped Lugonu.
Lugonu was pleased with you.
You visited 1 branch of the dungeon, and saw 4 of its levels.
You visited the Abyss 1 time.

You collected 155 gold pieces.

Inventory:

Hand Weapons
 a - a +2 hand axe (weapon)
Missiles
 c - 2 curare-tipped darts (quivered)
Armour
 i - a +0 ring mail (worn)
Jewellery
 g - an amulet of guardian spirit (around neck)
Scrolls
 b - a scroll of teleportation
 e - a scroll of identify
 j - a scroll of holy word {unknown}
Potions
 d - a potion of magic {unknown}
 f - 2 potions of cancellation
 h - 2 potions of curing


   Skills:
 + Level 6.7 Fighting
 + Level 1.4 Short Blades
 + Level 1.4 Long Blades
 + Level 4.8 Axes
 + Level 1.4 Maces & Flails
 + Level 1.4 Polearms
 + Level 1.4 Staves
 + Level 1.4 Slings
 + Level 1.4 Bows
 + Level 1.4 Crossbows
 + Level 1.4 Throwing
 + Level 4.8 Armour
 + Level 3.0 Dodging
 + Level 1.4 Stealth
 + Level 1.4 Shields
 + Level 1.4 Unarmed Combat
 + Level 1.4 Spellcasting
 + Level 1.1 Conjurations
 + Level 1.1 Hexes
 + Level 1.1 Summonings
 + Level 1.1 Necromancy
 + Level 1.1 Translocations
 + Level 1.1 Transmutations
 + Level 1.1 Fire Magic
 + Level 1.1 Ice Magic
 + Level 1.1 Air Magic
 + Level 1.1 Earth Magic
 + Level 1.1 Poison Magic
 + Level 4.8 Invocations
 + Level 1.4 Evocations


You had 6 spell levels left.
You didn't know any spells.
Your spell library was empty.

Dungeon Overview and Level Annotations

Branches:
Dungeon (4/15)
 Temple: D:4-7

Altars:

Shops:
D:1 [

Annotations:
D:3 Grinder
D:4 Blork the orc, Edmund


Innate Abilities, Weirdness & Mutations

You have very sharp teeth.
Your uncanny sense of smell can sniff out nearby items.
Your experience applies equally to all skills.


Message History

Press: ? - help, Q - select action, (/) - cycle Shift-Dir - straight line, f - orc
Aim: an orc, wielding a +0 hand axe (59% to hit)
You throw a curare-tipped dart. The curare-tipped dart hits the orc.
The orc is poisoned.
The orc convulses.
The orc seems to slow down.
The orc is almost dead.
You kill the orc!
Lugonu accepts your kill.
Blork the orc looks satisfied for a moment.
The quokka bites you but does no damage.
Throw: 3 darts (curare)
Press: ? - help, Q - select action, (/) - cycle Shift-Dir - straight line, f - Blork the orc
Aim: Blork the orc, wielding a +0 halberd and wearing a +0 robe (fast, 63% to hit)
You throw a curare-tipped dart.
The curare-tipped dart barely misses the quokka.
The curare-tipped dart hits Blork the orc.
Blork the orc is poisoned.
Blork the orc convulses.
Blork the orc seems to slow down.
Blork the orc is moderately wounded.
The orc wizard hits you but does no damage.
The quokka closely misses you.
Blork the orc hits you from afar with a +0 halberd!
As you read the scroll of teleportation, it crumbles to dust.
You feel strangely unstable.
The quokka bites you but does no damage.
The orc wizard closely misses you.
Blork the orc hits you from afar with a +0 halberd.
* * * LOW HITPOINT WARNING * * *
Unknown command.
The hobgoblin shouts!
The orc wizard hits you with a +0 dagger.
* * * LOW HITPOINT WARNING * * *
The quokka completely misses you.
Your surroundings suddenly seem different.
A goblin comes into view.
It is wielding a +0 club and carrying a wand of mindburst (17).
The goblin shouts!
An ogre comes into view. It is wielding a +0 giant spiked club.
The goblin zaps a wand.
Your mind is blasted!
Ouch! That really hurt!
You die...

..g.... ....# .
....... ....# .#
....... ...# .#
....... #...# .#
.......##...# #
.......#...#####
###
.......#.......#
...
.......@.......#
#
......#......#.#
#. .....
##.....# ...
.... ∆ .........
... ...
..#...... ... O.
#..###.... ### .
#... ...# ....
###


You could see an ogre (wandering) and a goblin.

Vanquished Creatures
  An orc priest (D:4)
  A hound (D:4)
  2 adders
  7 orcs (D:4)
  5 ball pythons (D:1)
  5 bats
  4 endoplasms
  4 giant cockroaches
  8 goblins
  7 hobgoblins
  6 jackals (D:1)
  4 kobolds
  2 quokkas
  4 frilled lizards
  5 rats
65 creatures vanquished.

Vanquished Creatures (others)
  A lurking horror (Abyss:1)
1 creature vanquished.

Grand Total: 66 creatures vanquished

Notes
Turn   | Place    | Note
-------+----------+-------------------------------------------
     0 | Abyss:1  | Gargoyl the Gnoll Abyssal Knight began the quest for the
                  | Orb.
     0 | Abyss:1  | Reached XP level 1. HP: 23/23 MP: 3/3
   191 | Abyss:1  | Noticed an ancient zyme
   196 | D:1      | Escaped the Abyss
   520 | D:1      | Reached XP level 2. HP: 27/29 MP: 5/5
   712 | D:1      | Found a faded altar of an unknown god.
   718 | D:1      | Reached * piety under Lugonu
   768 | D:1      | Reached XP level 3. HP: 21/35 MP: 6/6
  1030 | D:1      | Found Kihiuf's Armour Boutique.
  1815 | D:2      | Reached skill level 1 in Short Blades
  1815 | D:2      | Reached skill level 1 in Long Blades
  1815 | D:2      | Reached skill level 1 in Maces & Flails
  1815 | D:2      | Reached skill level 1 in Polearms
  1815 | D:2      | Reached skill level 1 in Staves
  1815 | D:2      | Reached skill level 1 in Slings
  1815 | D:2      | Reached skill level 1 in Bows
  1815 | D:2      | Reached skill level 1 in Crossbows
  1815 | D:2      | Reached skill level 1 in Throwing
  1815 | D:2      | Reached skill level 1 in Stealth
  1815 | D:2      | Reached skill level 1 in Shields
  1815 | D:2      | Reached skill level 1 in Unarmed Combat
  1815 | D:2      | Reached skill level 1 in Spellcasting
  1815 | D:2      | Reached skill level 1 in Evocations
  2090 | D:2      | Reached ** piety under Lugonu
  2091 | D:2      | Reached XP level 4. HP: 36/41 MP: 7/7
  2545 | D:3      | Noticed Grinder
  2593 | D:4      | Reached skill level 1 in Conjurations
  2593 | D:4      | Reached skill level 1 in Hexes
  2593 | D:4      | Reached skill level 1 in Summonings
  2593 | D:4      | Reached skill level 1 in Necromancy
  2593 | D:4      | Reached skill level 1 in Translocations
  2593 | D:4      | Reached skill level 1 in Transmutations
  2593 | D:4      | Reached skill level 1 in Fire Magic
  2593 | D:4      | Reached skill level 1 in Ice Magic
  2593 | D:4      | Reached skill level 1 in Air Magic
  2593 | D:4      | Reached skill level 1 in Earth Magic
  2593 | D:4      | Reached skill level 1 in Poison Magic
  2599 | D:4      | Reached XP level 5. HP: 35/47 MP: 6/8
  2835 | D:4      | Noticed Blork the orc
  2835 | D:4      | Noticed Edmund
  2848 | D:4      | Noticed an ogre
  2848 | D:4      | Blown up by a goblin

Illustrated notes

Levels and vault maps discovered:
D:1:      minmay_arrival_split_and_join, layout_basic,
          ebering_ecumenical_altar_rust, serial_shops, shop_coins
D:2:      layout_basic
D:3:      layout_basic, uniq_grinder
D:4:      layout_cave_pools, overflow_temple_1_default, uniq_blork_the_orc,
          uniq_edmund, uniq_pikel

Skill      XL: |  1  2  3  4  5 |
---------------+----------------+-----
Short Blades   | 1 |  1.4
Long Blades    | 1 |  1.4
Maces & Flails | 1 |  1.4
Polearms       | 1 |  1.4
Staves         | 1 |  1.4
Slings         | 1 |  1.4
Bows           | 1 |  1.4
Crossbows      | 1 |  1.4
Throwing       | 1 |  1.4
Stealth        | 1 |  1.4
Shields        | 1 |  1.4
Unarmed Combat | 1 |  1.4
Spellcasting   | 1 |  1.4
Evocations     | 1 |  1.4
Conjurations   | 1 |  1.1
Hexes          | 1 |  1.1
Summonings     | 1 |  1.1
Necromancy     | 1 |  1.1
Translocations | 1 |  1.1
Transmutations | 1 |  1.1
Fire Magic     | 1 |  1.1
Ice Magic      | 1 |  1.1
Air Magic      | 1 |  1.1
Earth Magic    | 1 |  1.1
Poison Magic   | 1 |  1.1
Dodging        | 3 |  3.0
Fighting       | |  6.7
Axes           | |  4.8
Armour         | |  4.8
Invocations    | |  4.8

Action                   |  1- 3 |  4- 6 || total
-------------------------+-------+-------++-------
Melee: Hand axe          |   128 |    44 ||   172
       Bite              |     9 |     3 ||    12
Throw: Dart              |     4 |     6 ||    10
Invok: Depart the Abyss  |     1 |       ||     1
  Use: Scroll            |     6 |     1 ||     7
 Stab: Sleeping          |     1 |       ||     1
Armor: Leather armour    |    51 |       ||    51
       Ring mail         |    25 |    29 ||    54
Dodge: Dodged            |   126 |    47 ||   173

Table legend: (Time is in decaauts)
 A = Elapsed time spent in this place.
 B = Non-inter-level travel time spent in this place.
 C = Inter-level travel time spent in this place.
 D = Time resting spent in this place.
 E = Time spent auto-exploring this place.
 F = Levels seen in this place.
 G = Mean time per level.
                   A        B        C        D        E       F      G
               +--------+--------+--------+--------+--------+-----+--------+
         Total |   2859 |   2790 |     69 |      0 |   2213 |   5 |  571.8 |
       Dungeon |   2663 |   2594 |     69 |      0 |   2030 |   4 |  665.8 |
         Abyss |    196 |    196 |      0 |      0 |    183 |   1 |  196.0 |
               +--------+--------+--------+--------+--------+-----+--------+

Top non-repeatable levels by time:
     D:1: 1457 daAuts
     D:2: 774 daAuts
     D:4: 275 daAuts
 Abyss:1: 196 daAuts
     D:3: 157 daAuts
